 Dungeon Crawl Stone Soup version 0.17-a0-1651-gae1a69f (webtiles) character file.

248443 Sachiko the Shatterer (level 18, 0/163 HPs)
             Began as a Minotaur Fighter on Aug 14, 2015.
             Was the Champion of Ru.
             Slain by a harpy (11 damage)
             ... on level 2 of the Vaults on Aug 15, 2015.
             The game lasted 03:14:49 (47129 turns).

Sachiko the Shatterer (Minotaur Fighter)           Turns: 47129, Time: 03:14:50

Health: 0/163      AC: 25    Str: 28    XL:     18   Next: 85%
Magic:  15/15      EV: 13    Int:  5    God:    Ru [******]
Gold:   2170       SH: 18    Dex: 13    Spells: 0 memorised, 17 levels left

rFire  . . .     SeeInvis +     g - +2 whip (elec)
rCold  + + +     Clarity  .     B - +3 plate armour of Xifamyoh {+Inv rElec}
rNeg   . . .     SustAt   .     Q - +2 shield {rC+}
rPois  .         Gourm    .     (helmet restricted)
rElec  +         Spirit   .     K - +2 cloak
rCorr  .         Warding  .     a - +0 pair of gloves
rMut   +         Stasis   .     P - +0 pair of boots {Fly}
MR     +....                    E - amulet of Dexiryam {rMut rC+++ Dex+2}
Stlth  ..........               W - ring of see invisible
                                y - +5 ring of evasion

@: exhausted, about to teleport, marked, no scrolls, flying, heavily drained,
somewhat resistant to hostile enchantments, extremely unstealthy
A: retaliatory headbutt, horns 2, low mp 1, inability to read while threatened,
inability to use devices, hated by all, inability to train dodging
a: Draw Out Power, Power Leap, Apocalypse, Renounce Religion
}: 2/15 runes: decaying, serpentine


You were on level 2 of the Vaults.
You worshipped Ru.
Ru was exalted by your worship.
You were not hungry.

You visited 7 branches of the dungeon, and saw 38 of its levels.
You also visited: Labyrinth and Volcano.

You collected 3533 gold pieces.
You spent 1363 gold pieces at shops.

Inventory:

Hand weapons
 b - a +2 flail of venom
 g - a +2 whip of electrocution (weapon)
 i - a +2 arbalest of flaming
 R - a +2 arbalest of freezing
Missiles
 Y - 465 bolts
Armour
 a - a +0 pair of gloves (worn)
 q - a +0 large shield
 B - the +3 plate armour of Xifamyoh (worn) {+Inv rElec}
   (You bought it in a shop on level 4 of the Orcish Mines)

   It insulates you from electricity.
   It lets you turn invisible.
 K - a +2 cloak (worn)
 P - a +0 pair of boots of flying (worn)
 Q - a +2 shield of cold resistance (worn)
Jewellery
 h - an uncursed ring of protection from magic
 l - a +6 ring of dexterity
 n - an uncursed amulet of resist corrosion
 y - a +5 ring of evasion (left hand)
 E - the amulet of Dexiryam (around neck) {rMut rC+++ Dex+2}
   (You found it on level 9 of the Dungeon)

   [amulet of resist mutation]

   It protects you from mutation.
   It affects your dexterity (+2).
   It renders you almost immune to cold.
 H - an uncursed ring of poison resistance
 J - an uncursed ring of protection from fire
 L - the ring "Efuy" {rN+ Dex+4}
   (You found it on level 5 of the Lair of Beasts)

   [ring of positive energy]

   It affects your dexterity (+4).
   It protects you from negative energy.
 W - a ring of see invisible (right hand)
Scrolls
 c - a scroll of holy word
 k - 7 scrolls of magic mapping
 m - 5 scrolls of fog
 p - 10 scrolls of enchant weapon
 v - 5 scrolls of identify
 w - 4 scrolls of blinking
 x - 5 scrolls of enchant armour
 C - 12 scrolls of remove curse
 G - 10 scrolls of teleportation
 I - 10 scrolls of fear
 S - 5 scrolls of amnesia
 T - a scroll of silence
 U - a scroll of brand weapon
Potions
 d - 11 potions of might
 f - 11 potions of haste
 o - 3 potions of cancellation
 r - a potion of curing
 s - a potion of ambrosia
 u - a potion of cure mutation
 z - a potion of invisibility
 D - 2 potions of resistance
 F - 2 potions of magic
 X - 3 potions of berserk rage
Books
 O - a book of Changes

   Spells                             Type                      Level
   a - Beastly Appendage              Transmutation                1
   b - Sticks to Snakes               Transmutation                2
   c - Spider Form                    Transmutation/Poison         3
   d - Ice Form                       Ice/Transmutation            4
   e - Blade Hands                    Transmutation                5
Comestibles
 e - 6 bread rations
 j - 19 meat rations
 t - 29 fruits
 A - 2 royal jellies


   Skills:
 + Level 15.4(13.0) Fighting
 * Level 23.6(20.8) Maces & Flails
 + Level 15.3(12.9) Armour
 * Level 22.0(19.3) Shields


You had 17 spell levels left.
You didn't know any spells.

Dungeon Overview and Level Annotations

Branches:
Dungeon (15/15)            Temple (1/1) D:6            Lair (8/8) D:11
  Swamp (4/4) Lair:4        Snake (4/4) Lair:5        Slime (0/6) Lair:7
    Orc (4/4) D:11            Elf (0/3) Orc:3        Vaults (2/5) D:14
 Depths (0/5) D:15
  Crypt: Vaults:2-3

Altars:
Ashenzari
Cheibriados
Dithmenos
Elyvilon
Fedhas
Gozag
Kikubaaqudgha
Makhleb
Nemelex Xobeh
Okawaru
Ru
Sif Muna
Trog
Vehumet
Xom
Yredelemnul
Zin
The Shining One

Shops:
D:6 ?   D:7 [   D:8 *   Orc:4 ?[(*   Snake:1 %   Snake:2 (   Snake:4 *

Portals:
Hell: Lair:8

Annotations:
Swamp:4 Lernaean hydra


Innate Abilities, Weirdness & Mutations

You reflexively headbutt those who attack you in melee.
You have a pair of horns on your head.
Your magical capacity is low (-10% MP).
You cannot read scrolls while threatened.
You cannot study or use magical devices.
You are hated by all.
You cannot train Dodging skill.


Message History

You feel invigorated.
You feel sick. The harpy barely misses you.
The harpy claws you but does no damage. The harpy closely misses you.
The harpy claws you!
* * * LOW HITPOINT WARNING * * *
You focus your will and slow the harpy in retribution!
The harpy claws you but does no damage. The harpy barely misses you.
The centaur warrior unwields an uncursed shortbow.
The centaur warrior completely misses you.
The ironbrand convoker begins to recite a word of recall!
The harpy misses you. The harpy claws you but does no damage.
The harpy claws you but does no damage. x2
The harpy barely misses you. The harpy claws you but does no damage.
Drink which item? (? for menu, Esc to quit)
You feel better.
You feel less invigorated.
The centaur warrior stops glowing.
The harpy claws you but does no damage. x2
You block the harpy's attack. x2
You block the centaur warrior's attack. You block the harpy's attack.
The harpy claws you but does no damage. The harpy claws you!
You feel threatened and lose the ability to read scrolls!
You die...

#.#)#<#.#.#............
..#.#.#.#..#............
#.#.#.#.#.#.#............
##.#.#.#.#.##............
#.#.#.#.#.#.#............
##.#.#.#.#.##............
#.#.#...#.#.#............
###+#+#####'#######'#.....
#......'.c.sp@H((...#.....
+..>...#.#..cHH.....# $..
#u#......+.#..........#
#.#......+.#..........+
#.#......#.#..........#
#.#......#.#..........#
#.########.############
#u................
##p................


You could see a wolf spider, a centaur warrior, an ironbrand convoker, a yaktaur
and 3 harpies.

Vanquished Creatures
  Saint Roka (Vaults:1)
  A tentacled monstrosity (Swamp:2)
  Agnes (Snake:4)
  Frances (Snake:2)
  Kirke (Swamp:2)
  An azure jelly (D:15)
  9 greater nagas
  A vault warden (Vaults:2)
  Louise (D:15)
  An ironheart preserver (Vaults:2)
  Nessos (D:13)
  The ghost of Gargoyl the Cleaver, a powerful DsAK of Lugonu (Orc:4)
  A minotaur (Lab)
  A vault guard (Vaults:2)
  2 yaktaur captains
  A great orb of eyes (Vaults:2)
  Fannar (D:11)
  20 hydras
  16 naga warriors
  The ghost of Geomchi the Destroyer, a powerful DsCj of Ashenzari (Lair:1)
  A rakshasa (D:15)
  2 ghost crabs
  9 alligators
  5 ogre magi
  2 dancing weapons (D:14)
  A deep troll shaman (Vaults:2)
  6 centaur warriors
  A tengu warrior (D:14)
  15 anacondas
  An orc high priest (Orc:3)
  19 naga sharpshooters
  Urug (D:11)
  A spriggan berserker (Swamp:1)
  9 death yaks
  7 spriggans
  6 shock serpents (Snake:4)
  Sonja (Orc:3)
  A sun demon (Lair:8)
  6 unseen horrors
  8 skeletal warriors
  7 salamander mystics (Snake:4)
  3 wizards
  3 deep trolls (Vaults:2)
  7 naga ritualists
  A fire crab (Vaults:2)
  2 flayed ghosts (Vaults:2)
  4 lindwurms (Snake:4)
  8 hill giants
  4 spriggan druids
  2 ironbrand convokers (Vaults:2)
  2 shambling mangroves
  5 orc knights
  A deep elf conjurer (Vaults:1)
  7 swamp dragons
  9 ugly things
  4 griffons
  3 orc sorcerers
  2 wolf spiders
  3 salamanders
  9 mana vipers
  2 cyclopes (Vaults:1)
  10 guardian serpents
  3 oklob plants (Lair:7)
  A sixfirhy (Lair:8)
  3 elephants (Lair:7)
  A manticore (D:14)
  Maurice (D:9)
  22 naga magi
  2 molten gargoyles (Volcano)
  A guardian serpent (shapeshifter) (Vaults:2)
  43 black mambas
  Psyche (D:11)
  A torpor snail (Lair:7)
  6 vault sentinels
  2 orange demons (Lair:8)
  4 centaur skeletons
  2 kobold demonologists (Vaults:1)
  11 spiny frogs
  A yaktaur (shapeshifter) (Vaults:1)
  3 gargoyles
  14 yaktaurs
  7 komodo dragons
  2 red devils (Lair:8)
  2 freezing wraiths
  2 giant leeches
  A hellwing (Lair:8)
  3 blue devils (Lair:8)
  The ghost of Promi the Conjurer, an experienced DECj of Vehumet (D:5)
  A tengu conjurer (D:14)
  2 fire drakes
  13 two-headed ogres
  6 trolls
  2 polar bears
  6 bog bodies
  2 boulder beetles (Lair:8)
  36 blink frogs
  8 slime creatures
  8 shadows
  A human (shapeshifter) (Vaults:1)
  3 trapdoor spiders
  2 wyverns
  Sigmund (D:6)
  A centaur simulacrum (D:14)
  17 yaks
  14 hippogriffs
  4 deep elf magi
  6 hogs (Swamp:2)
  19 vampire mosquitoes
  4 fire elementals (Volcano)
  6 basilisks
  A hungry ghost (D:11)
  2 deep elf fighters (Vaults:1)
  A wolf (Lair:8)
  5 insubstantial wisps
  A soldier ant (D:11)
  2 wargs
  17 swamp worms
  A sky beast (D:6)
  49 nagas
  7 small abominations (D:9)
  9 ice beasts
  2 mottled dragons (D:15)
  5 large abominations (D:9)
  The ghost of kinazarov the Stinger, an average DEVM of Kikubaaqudgha (D:3)
  3 hell hounds (Lair:8)
  18 water moccasins
  11 wasps
  A black bear (D:12)
  22 orc warriors
  8 porcupines
  9 swamp drakes
  An eye of draining (D:12)
  3 necrophages (D:9)
  4 phantoms
  4 boggarts (Vaults:1)
  31 ogres
  11 crocodiles
  21 centaurs
  Blork the orc (D:5)
  4 big kobolds
  25 giant frogs
  A wyvern zombie (D:14)
  A water moccasin zombie (D:9)
  6 scorpions
  12 killer bees
  12 wights
  3 electric eels (Lair:3)
  9 crimson imps
  2 gnoll shamans
  2 centaur zombies
  2 giant frog zombies
  5 hounds
  Crazy Yiuf (D:2)
  Ijyb (D:2)
  4 giant frog skeletons
  4 jellies
  19 orc priests
  27 orc wizards
  10 worker ants
  9 hell rats (Lair:5)
  11 iguanas
  8 sheep (Lair:8)
  A hound zombie (D:11)
  3 mummies (D:9)
  A hound skeleton (D:4)
  2 worker ant zombies
  15 gnolls
  11 adders
  71 river rats
  2 shadow imps (D:6)
  3 oozes
  2 adder zombies (D:9)
  4 worms
  167 orcs
  4 giant cockroaches
  15 hobgoblins
  7 jackals
  7 quokkas
  A ball python (D:1)
  9 bats
  3 giant geckos
  A giant gecko skeleton (D:5)
  8 giant newts
  5 goblins
  29 kobolds
  A quokka skeleton (D:4)
  A quokka zombie (D:9)
  27 rats
  3 butterflies
  A fire vortex (Volcano)
  2 plants
1400 creatures vanquished.

Vanquished Creatures (others)
  A greater naga (Snake:4)
  6 hydras
  A centaur warrior (Vaults:1)
  2 naga warriors (Snake:4)
  A mana viper (Snake:4)
  A vault sentinel (Vaults:2)
  A spiny frog (Lair:7)
  A naga mage (Snake:2)
  2 yaktaurs (Vaults:2)
  A two-headed ogre (Orc:4)
  A slime creature (D:12)
  A shadow (Swamp:4)
  3 insubstantial wisps (Swamp:4)
  3 nagas
  2 vampire mosquitoes
  2 ogres (Orc:4)
  3 swamp drakes
  A fire vortex (Volcano)
  3 fulminant prisms (D:5)
  9 fungi
  12 plants
57 creatures vanquished.

Grand Total: 1457 creatures vanquished

Notes
Turn   | Place    | Note
--------------------------------------------------------------
     0 | D:1      | Sachiko the Minotaur Fighter began the quest for the Orb.
     0 | D:1      | Reached XP level 1. HP: 19/19 MP: 0/0
   132 | D:1      | Reached XP level 2. HP: 27/27 MP: 1/1
   267 | D:1      | Reached skill level 4 in Fighting
   449 | D:1      | Reached XP level 3. HP: 33/33 MP: 2/2
   845 | D:2      | Reached XP level 4. HP: 41/41 MP: 3/3
   859 | D:2      | Noticed Crazy Yiuf
   921 | D:2      | Killed Crazy Yiuf
  1115 | D:2      | Noticed Ijyb
  1128 | D:2      | Killed Ijyb
  1128 | D:2      | Reached skill level 5 in Shields
  1418 | D:3      | Noticed a giant frog
  1424 | D:3      | Killed a giant frog
  1424 | D:3      | Reached XP level 5. HP: 47/47 MP: 4/4
  1442 | D:3      | Noticed kinazarov's ghost (average DEVM)
  1484 | D:3      | Killed kinazarov's ghost
  1484 | D:3      | Reached skill level 5 in Fighting
  1484 | D:3      | Reached skill level 5 in Armour
  1484 | D:3      | Reached XP level 6. HP: 28/56 MP: 5/5
  1750 | D:3      | Reached skill level 6 in Shields
  2314 | D:4      | Reached XP level 7. HP: 61/61 MP: 6/6
  2597 | D:4      | Found a glowing silver altar of Zin.
  2634 | D:4      | Reached skill level 5 in Maces & Flails
  2826 | D:5      | Entered Level 5 of the Dungeon
  3123 | D:5      | Noticed Blork the orc
  3127 | D:5      | Found a shadowy altar of Dithmenos.
  3133 | D:5      | Killed Blork the orc
  3133 | D:5      | Reached skill level 7 in Shields
  3146 | D:5      | Found a deep blue altar of Sif Muna.
  3173 | D:5      | Noticed Promi's ghost (experienced DECj)
  3187 | D:5      | Killed Promi's ghost
  3187 | D:5      | Reached XP level 8. HP: 27/70 MP: 7/7
  3399 | D:5      | Found a snail-covered altar of Cheibriados.
  3428 | D:5      | Found a shimmering altar of Xom.
  4121 | D:6      | Found a staircase to the Ecumenical Temple.
  4141 | Temple   | Entered the Ecumenical Temple
  4207 | Temple   | Became a worshipper of Ru the Awakened
  4263 | D:6      | Found Piawen's Magic Scroll Boutique.
  4650 | D:6      | Noticed Sigmund
  4660 | D:6      | Killed Sigmund
  4660 | D:6      | Reached skill level 8 in Shields
  5021 | D:7      | Reached XP level 9. HP: 59/78 MP: 8/8
  5353 | D:7      | Gained mutation: You cannot study or use magical devices. [Ru sacrifice]
  5353 | D:7      | Acquired Ru's first power
  5353 | D:7      | Acquired Ru's second power
  5353 | D:7      | Acquired Ru's third power
  5394 | D:7      | Reached skill level 9 in Shields
  5898 | D:7      | Found Xaihuij's Antique Armour Boutique.
  5931 | D:7      | Bought a warped scale mail for 243 gold pieces
  5931 | D:7      | Identified the cursed +1 scale mail of Life {MR++ Dex+5 Stlth+} (You bought it in a shop on level 7 of the Dungeon)
  6109 | D:8      | Found an opulent altar of Gozag.
  6112 | D:8      | Found Gozag's Platinum Reserve.
  7145 | D:9      | Gained mutation: Your magical capacity is low (-10% MP). [Ru sacrifice]
  7175 | D:9      | Noticed a wizard
  7182 | D:9      | Killed a wizard
  7182 | D:9      | Reached skill level 10 in Maces & Flails
  7182 | D:9      | Reached skill level 10 in Shields
  7182 | D:9      | Reached XP level 10. HP: 86/88 MP: 8/8
  7509 | D:9      | Noticed a large abomination
  7553 | D:9      | Killed a large abomination
  7908 | D:9      | Got a scintillating crystal amulet
  8019 | D:9      | Identified the amulet of Dexiryam {rMut rC+++ Dex+2} (You found it on level 9 of the Dungeon)
  8072 | D:9      | Reached skill level 11 in Maces & Flails
  8590 | D:9      | Noticed Maurice
  8623 | D:9      | Killed Maurice
  8623 | D:9      | Reached skill level 10 in Armour
  8965 | D:10     | Entered Level 10 of the Dungeon
  9428 | D:10     | Killed an unseen horror
  9711 | D:10     | Reached XP level 11. HP: 95/95 MP: 8/8
 10026 | D:10     | Gained mutation: You cannot read scrolls while threatened. [Ru sacrifice]
 10026 | D:10     | Acquired Ru's fourth power
 10026 | D:10     | Acquired Ru's fifth power
 10073 | D:10     | Noticed a hill giant
 10084 | D:10     | Killed a hill giant
 10139 | D:10     | Reached skill level 12 in Maces & Flails
 10214 | D:10     | Noticed a hill giant
 10231 | D:10     | Killed a hill giant
 10360 | D:11     | Noticed Fannar
 10392 | D:11     | Killed Fannar
 10463 | D:11     | Noticed Urug
 10481 | D:11     | Killed Urug
 10581 | D:11     | Reached skill level 13 in Maces & Flails
 10797 | D:11     | Killed an unseen horror
 10894 | D:11     | Found a staircase to the Orcish Mines.
 10964 | D:11     | Found a staircase to the Lair.
 10965 | D:11     | Noticed a hill giant
 10972 | D:11     | Killed an unseen horror
 10972 | D:11     | Reached skill level 10 in Fighting
 11082 | D:11     | Killed a hill giant
 11270 | D:11     | Noticed Psyche
 11287 | D:11     | Reached XP level 12. HP: 99/106 MP: 9/9
 11297 | D:11     | Killed Psyche
 11548 | D:11     | Gained mutation: You are partially covered in yellow scales (AC +2). [potion of beneficial mutation]
 11551 | Lair:1   | Entered Level 1 of the Lair of Beasts
 11811 | Lair:1   | Gained mutation: You are hated by all. [Ru sacrifice]
 11826 | Lair:1   | Reached skill level 14 in Maces & Flails
 11836 | Lair:1   | Found a labyrinth entrance.
 11862 | Lab      | Entered a labyrinth
 12016 | Lab      | Noticed a minotaur
 12026 | Lab      | Killed a minotaur
 12038 | Lab      | Identified Sif Muna's Compendium of Unstable Beguiling
 12238 | Lair:1   | Noticed Geomchi's ghost (powerful DsCj)
 12256 | Lair:1   | Killed Geomchi's ghost
 12736 | Lair:2   | Found a shattered altar of Ashenzari.
 12821 | Lair:2   | Got a pair of bloodstained gloves
 12825 | Lair:2   | Identified the cursed +0 pair of gloves "Iluodghu" {-Cast *Confuse +Inv Dex+10} (You found it on level 2 of the Lair of Beasts)
 12866 | Lair:2   | Noticed a seven-headed hydra
 12878 | Lair:2   | Killed a seven-headed hydra
 13628 | Lair:3   | Reached skill level 15 in Maces & Flails
 14537 | Lair:4   | Identified a scroll of acquirement
 14871 | Lair:4   | Noticed a five-headed hydra
 14872 | Lair:4   | Found a staircase to the Swamp.
 14875 | Lair:4   | Noticed a four-headed hydra
 14880 | Lair:4   | Killed a five-headed hydra
 14880 | Lair:4   | Reached XP level 13. HP: 73/116 MP: 10/10
 14893 | Lair:4   | Killed a four-headed hydra
 15482 | Lair:5   | Got a faintly glowing lead ring
 15495 | Lair:5   | Identified the ring "Efuy" {rN+ Dex+4} (You found it on level 5 of the Lair of Beasts)
 15514 | Lair:5   | Found a dark tunnel.
 15593 | Volcano  | Entered a volcano
 15995 | Volcano  | Reached skill level 16 in Maces & Flails
 16412 | Lair:5   | Found a staircase to the Snake Pit.
 16461 | Lair:5   | Found a deep blue altar of Sif Muna.
 16837 | Lair:5   | Gained mutation: You cannot train Dodging skill. [Ru sacrifice]
 18196 | Lair:7   | Reached skill level 17 in Maces & Flails
 18622 | Lair:7   | Reached skill level 15 in Shields
 19994 | Lair:7   | Found a staircase to the Slime Pits.
 21054 | Lair:8   | Entered Level 8 of the Lair of Beasts
 21110 | Lair:8   | Reached XP level 14. HP: 111/125 MP: 11/11
 21726 | Lair:8   | Reached skill level 18 in Maces & Flails
 22599 | Lair:8   | Found a burning altar of Makhleb.
 22720 | Lair:8   | Found a gateway to Hell.
 23661 | D:12     | Reached skill level 19 in Maces & Flails
 24482 | D:13     | You fall through a shaft for 2 floors!
 24482 | D:15     | Entered Level 15 of the Dungeon
 24482 | D:15     | Found a white marble altar of Elyvilon.
 24590 | D:15     | Found a staircase to the Depths.
 24661 | D:15     | Found a shadowy altar of Dithmenos.
 24716 | D:15     | Noticed Louise
 24758 | D:15     | Killed Louise
 24870 | D:15     | Noticed an azure jelly
 24889 | D:15     | Killed an azure jelly
 24889 | D:15     | Reached XP level 15. HP: 62/134 MP: 12/12
 24950 | D:15     | Found a frozen archway.
 25292 | D:14     | Gained mutation: Your spells are a little easier to cast, but a little less powerful. [potion of mutation]
 25292 | D:14     | Gained mutation: You have a pair of large horns on your head. [potion of mutation]
 25671 | D:14     | Reached skill level 20 in Maces & Flails
 25702 | D:14     | Found a gate to the Vaults.
 26174 | D:13     | Noticed Nessos
 26189 | D:13     | Killed Nessos
 26335 | Orc:1    | Entered Level 1 of the Orcish Mines
 26908 | Orc:3    | Found a staircase to the Elven Halls.
 27169 | Orc:3    | Noticed Sonja
 27187 | Orc:3    | Killed Sonja
 27472 | Orc:4    | Entered Level 4 of the Orcish Mines
 27534 | Orc:4    | Noticed Gargoyl's ghost (powerful DsAK)
 27980 | Orc:4    | Found Roiledeh's Antique Armour Shop.
 27980 | Orc:4    | Found Eghixzon's General Store.
 27981 | Orc:4    | Found Kun Zic's Magic Scroll Emporium.
 27981 | Orc:4    | Found Ewurhuj's Antique Weapon Shop.
 28012 | Orc:4    | Bought a slimy plate armour for 1120 gold pieces
 28014 | Orc:4    | Identified the +3 plate armour of Xifamyoh {+Inv rElec} (You bought it in a shop on level 4 of the Orcish Mines)
 28175 | Orc:4    | Killed Gargoyl's ghost
 28723 | Swamp:1  | Entered Level 1 of the Swamp
 29071 | Swamp:1  | Reached skill level 21 in Maces & Flails
 29937 | Swamp:1  | Got an encrusted scale mail
 29953 | Swamp:1  | Identified the cursed +1 scale mail of Freedom {rElec rPois Int+4 Slay-5} (You found it on level 1 of the Swamp)
 30640 | Swamp:2  | Noticed Kirke
 30741 | Swamp:2  | Paralysed by a wasp for 1 turns
 31010 | Swamp:2  | Killed Kirke
 31090 | Swamp:2  | Reached XP level 16. HP: 124/145 MP: 13/13
 31091 | Swamp:2  | Noticed a tentacled monstrosity
 31108 | Swamp:2  | Killed a tentacled monstrosity
 32136 | Swamp:4  | Entered Level 4 of the Swamp
 32907 | Swamp:4  | Noticed the 27-headed Lernaean hydra
 33845 | Swamp:4  | Got a decaying rune of Zot
 34122 | Snake:1  | Entered Level 1 of the Snake Pit
 34707 | Snake:1  | Found Tata's Food Shoppe.
 35630 | Snake:2  | Found Keangol's Weapon Shop.
 35712 | Snake:2  | Reached skill level 22 in Maces & Flails
 35882 | Snake:2  | Noticed Frances
 36031 | Snake:2  | Killed Frances
 36588 | Snake:2  | Reached XP level 17. HP: 144/154 MP: 14/14
 37444 | Snake:4  | Entered Level 4 of the Snake Pit
 38249 | Snake:4  | Gained mutation: You tend to lose your temper in combat. [potion of mutation]
 38270 | Snake:4  | Lost mutation: You tend to lose your temper in combat. [potion of cure mutation]
 38270 | Snake:4  | Lost mutation: You have a pair of large horns on your head. [potion of cure mutation]
 38270 | Snake:4  | Lost mutation: You are partially covered in yellow scales (AC +2). [potion of cure mutation]
 38270 | Snake:4  | Lost mutation: Your spells are a little easier to cast, but a little less powerful. [potion of cure mutation]
 38307 | Snake:4  | Found Uqoonlima's General Store.
 41637 | Snake:4  | Reached skill level 15 in Fighting
 42726 | Snake:4  | Reached skill level 23 in Maces & Flails
 43049 | Snake:4  | Reached XP level 18. HP: 163/163 MP: 15/15
 43151 | Snake:4  | Noticed Agnes
 43167 | Snake:4  | Killed Agnes
 43675 | Snake:4  | Got a serpentine rune of Zot
 44683 | Vaults:1 | Entered Level 1 of the Vaults
 44834 | Vaults:1 | Noticed Saint Roka
 44858 | Vaults:1 | Killed Saint Roka
 44945 | Vaults:1 | Reached skill level 15 in Armour
 47127 | Vaults:2 | HP: 4/163 [harpy (7)]
 47129 | Vaults:2 | Slain by a harpy

Vault maps used:
D:1:      lemuel_arrival_lava_pool
D:2:      first_bread, uniq_crazy_yiuf_cottage, uniq_iyjb
D:3:      roderic_serpentine_path
D:4:      zin_treasury, minmay_box_of_dots
D:5:      nicolae_overflow_quartered_altars, uniq_blork_the_orc
D:6:      minmay_temple_entry_statues_fountains, serial_shops, shop,
          uniq_sigmund
D:7:      serial_glass, glass_columns_b, glass_columns_b, serial_shops, shop
D:8:      nicolae_overflow_hidden_temple, nicolae_gozag_zags_fifth_avenue
D:9:      serial_undead, serial_undead_d, serial_undead_e, serial_undead_d,
          serial_undead_b, serial_undead_e, serial_undead_b, serial_undead_e,
          serial_undead_e, laboratory, uniq_maurice
D:11:     david_lair_shrubbed, hiddenorc2_lemuel, uniq_fannar, uniq_urug,
          uniq_psyche
D:13:     uniq_nessos
D:14:     erik_vaults_1
D:15:     grunt_enter_depths_snipers, basic_altar, serial_bayou_pond_e,
          portal_ice_cave_entry_horrid_things, grunt_dithmenos_smoke,
          uniq_louise
Temple:   temple_eino_lava_12
Lair:1:   lab_entry_generic, lemuel_fruit_fields
Lair:2:   basic_altar
Lair:3:   serial_bayou, serial_bayou_pond_e, serial_bayou_ford_a,
          serial_bayou_lake_a, serial_bayou_lagoon_a, minivault_23,
          serial_bayou_pond_e
Lair:4:   minmay_swamp_entry_reptiles
Lair:5:   lemuel_ratsnest, dummy_snake_entry, basic_altar, enter_volcano_2,
          small_statue_intersection, minivault_23, lemuel_fruit_tree
Lair:6:   grunt_megastairs_4
Lair:7:   minmay_slime_entry_oklob_enclosed
Lair:8:   evil_forest, grunt_forest_small_clearings
Swamp:1:  cheibrodos_swamp_heart_of_darkness, evilmike_swamp_ruin_rubble_2
Swamp:2:  evilmike_swamp_ruin_house_6, swamp_pool4, uniq_kirke
Swamp:3:  evilmike_swamp_ruin_house_1, nicolae_swamp_fairy_circle
Swamp:4:  swamp_old_school
Snake:1:  serial_shops, shop
Snake:2:  serial_shops, shop, hangedman_snake_sidewinding,
          basic_stair_grate_trap, uniq_frances
Snake:4:  snake_pit_salamanders_mu, serial_shops, shop, uniq_agnes
Orc:3:    cheibrodos_orc_bank, nicolae_orc_pool_cavern, uniq_sonja
Orc:4:    st_orc_ogre_mass
Vaults:1: v_rooms_2, vaults_standard_mumra_enter_the_diamond,
          vaults_standard_mumra_x, v_misc_25, hangedman_vaults_restitches,
          hangedman_vaults_unwind, v_alt_pattern_1, vaults_dpeg_hooks,
          v_misc_28, grunt_vaults_bifocal, ontoclasm_vaults_hangar, v_misc_22,
          uniq_saint_roka
Vaults:2: hangedman_vaults_variations, v_misc_1, hangedman_vaults_locks,
          v_pattern_1, vaults_room_corners, mu_enter_wizlab_4
Lab:      labyrinth_watery, lab_statue, nicolae_lab_statue,
          labyrinth_skeletal_remains
Volcano:  volcano_aerie

Action                   |  1- 3 |  4- 6 |  7- 9 | 10-12 | 13-15 | 16-18 || total
-------------------------+-------+-------+-------+-------+-------+-------++-------
Melee: Flail             |    85 |    79 |       |    96 |  1775 |   225 ||  2260
       Whip              |       |    19 |   389 |   791 |       |  2043 ||  3242
 Fire: Arbalest          |       |       |       |       |    19 |       ||    19
Invok: Sacrifice Essence |       |       |     1 |       |       |       ||     1
       Sacrifice Artific |       |       |     1 |       |       |       ||     1
       Draw Out Power    |       |       |       |     1 |       |     3 ||     4
       Sacrifice Words   |       |       |       |     1 |       |       ||     1
       Sacrifice Love    |       |       |       |     1 |       |       ||     1
       Reject Sacrifices |       |       |       |     1 |       |       ||     1
       Sacrifice Nimblen |       |       |       |       |     1 |       ||     1
       Apocalypse        |       |       |       |       |     4 |     6 ||    10
       Power Leap        |       |       |       |       |     2 |     1 ||     3
  Use: Scroll            |       |     9 |    21 |    11 |     9 |    10 ||    60
       Potion            |       |     2 |     1 |     9 |     9 |    15 ||    36
 Stab: Invisible         |       |       |       |    12 |    18 |    17 ||    47
       Sleeping          |       |       |       |     2 |     2 |       ||     4
       Distracted        |       |       |       |     2 |     4 |     8 ||    14
       Paralysed         |       |       |       |       |    19 |    31 ||    50
       Fleeing           |       |       |       |       |     1 |       ||     1
  Eat: Chunk             |       |     5 |    14 |    18 |    19 |     1 ||    57
       Fruit             |       |       |     1 |       |    14 |    17 ||    32
       Beef jerky        |       |       |       |     2 |       |    14 ||    16
       Bread ration      |       |       |       |     1 |     4 |     2 ||     7
       Meat ration       |       |       |       |       |     1 |       ||     1
       Pizza             |       |       |       |       |       |     4 ||     4
